 Dungeon Crawl Stone Soup version 0.22.0-27-ga576289 (webtiles) character file.

265 Monsterracer the Cutter (level 5, 0/45 HPs)
             Began as a Draconian Assassin on Aug 22, 2018.
             Was a Follower of Cheibriados.
             Slain by an orc priest
             ... wielding a +0 flail
              (1 damage)
             ... on level 4 of the Dungeon.
             The game lasted 00:04:52 (3083 turns).

Monsterracer the Cutter (Draconian Assassin)        Turns: 3083, Time: 00:04:53

Health: 0/45       AC:  7    Str: 16    XL:     5   Next: 99%
Magic:  6/14       EV: 11    Int: 14    God:    Cheibriados [*.....]
Gold:   140        SH:  0    Dex: 15    Spells: 4/4 levels left

rFire    + . .     SeeInvis .   a - +1 dagger (elec)
rCold    + . .     Gourm    .   (no shield)
rNeg     . . .     Faith    .   (armour unavailable)
rPois    +         Spirit   .   (helmet restricted)
rElec    +         Reflect  .   f - +1 cloak
rCorr    +         Harm     .   (no gloves)
MR       .....                  (no boots)
Stlth    +++.......             s - amulet of the acrobat
HPRegen  0.15/turn              n - ring of magical power
MPRegen  0.14/turn              q - -2 ring of dexterity (curse)

@: resistant, very slow
A: unfitting armour, cold-blooded, AC +5
a: Bend Time, Renounce Religion


You were on level 4 of the Dungeon.
You worshipped Cheibriados.
Cheibriados was aware of your devotion.
You were not hungry.

You visited 1 branch of the dungeon, and saw 4 of its levels.

You collected 140 gold pieces.

Inventory:

Hand Weapons
 a - a +1 dagger of electrocution (weapon)
 b - a +0 blowgun
Missiles
 d - 28 poisoned needles
 e - 2 curare-tipped needles
Armour
 f - a +1 cloak (worn)
Jewellery
 l - an uncursed ring of flight
 n - a ring of magical power (left hand)
 q - a cursed -2 ring of dexterity (right hand)
 s - an amulet of the acrobat (around neck)
Scrolls
 g - 4 scrolls of identify
 h - a scroll of remove curse
 o - 2 scrolls of teleportation {!r}
Potions
 i - 3 potions of brilliance
 k - 2 potions of magic
 m - a potion of cancellation
Comestibles
 c - 6 rations
 j - 2 chunks of flesh


   Skills:
 + Level 3.3 Fighting
 * Level 5.0 Short Blades
 + Level 2.5 Throwing
 - Level 0.8 Dodging
 - Level 4.0 Stealth
 + Level 0.8 Invocations


You had 4 spell levels left.
You didn't know any spells.
Your spell library was empty.

Dungeon Overview and Level Annotations

Branches:
Dungeon (4/15)
 Temple: D:4-7

Altars:
Cheibriados
Okawaru
Zin

Shops:
D:4 %


Innate Abilities, Weirdness & Mutations

Your plain brown scales are hard. (AC +5)
You cannot fit into any form of body armour.
You are cold-blooded and may be slowed by cold attacks.


Message History

That's the wrong kind of item! (Use * to select it.) Put on which piece of jewellery? (? for menu, Esc to quit)
You remove your ring of flight.
You feel your magic capacity increase.
n - a ring of magical power (left hand)
You can't go up here!
The howler monkey completely misses you.
You closely miss the howler monkey. You tail-slap the howler monkey.
The howler monkey is lightly wounded.
The howler monkey closely misses you.
You hit the howler monkey.
The howler monkey is moderately wounded.
The howler monkey barely misses you.
You hit the howler monkey.
The howler monkey is moderately wounded.
The howler monkey hits you but does no damage.
You hit the howler monkey.
The howler monkey is heavily wounded.
The howler monkey hits you but does no damage.
You hit the howler monkey but do no damage.
The howler monkey is heavily wounded.
The howler monkey barely misses you.
You hit the howler monkey.
Lightning courses through the howler monkey!
You kill the howler monkey!
Cheibriados appreciates the change of pace.
Your Short Blades skill increases to level 5!
An orc wizard comes into view. It is wielding a dagger.
You completely miss the orc wizard.
The orc wizard gestures wildly while chanting.
The orc wizard seems to speed up.
You hit the orc wizard.
The orc wizard is moderately wounded.
The orc wizard barely misses you.
An orc comes into view. It is wielding a flail.
The orc shouts!
You hit the orc wizard but do no damage.
The orc wizard is moderately wounded.
The orc wizard points at you and mumbles some strange words.
The magic dart hits you!
You hit the orc wizard but do no damage.
The orc wizard is moderately wounded.
The orc wizard casts a spell.
The orc wizard blinks!
An orc priest comes into view. It is wielding a flail.
The orc priest mumbles some strange prayers to Beogh against you.
Beogh smites you! The orc misses you.
The orc wizard gestures wildly while chanting.
The orc wizard blinks!
You hear a shout!
You take 11 damage, and have 34/45 hp.
MASSIVE DAMAGE!!
You barely miss the orc.
You tail-slap the orc, but do no damage.
An orc comes into view. It is wielding a club.
You hit the orc priest but do no damage.
Lightning courses through the orc priest!
The orc priest is almost dead.
The orc wizard hits you with a dagger. The orc closely misses you.
You take 3 damage, and have 31/45 hp.
You are too injured to fight recklessly!
You are too injured to fight recklessly!
You are too injured to fight recklessly!
You completely miss the orc priest.
The orc priest is almost dead.
The orc wizard hits you with a dagger. The orc priest hits you with a flail!
* * * LOW HITPOINT WARNING * * *
An orc comes into view. It is wielding a trident.
You take 14 damage, and have 17/45 hp.
MASSIVE DAMAGE!!
You barely miss the orc priest.
The orc priest is almost dead.
The orc wizard hits you but does no damage.
The orc misses you. The orc priest hits you with a flail!
* * * LOW HITPOINT WARNING * * *
You take 11 damage, and have 6/45 hp.
MASSIVE DAMAGE!!
Okay, then.
You barely miss the orc priest.
The orc priest is almost dead.
The orc wizard gestures at you while chanting.
You resist with some effort. The orc hits you with a flail.
* * * LOW HITPOINT WARNING * * *
You take 4 damage, and have 2/45 hp.
Unknown command.
It was a potion of resistance.
You feel protected.
The orc wizard gestures wildly while chanting.
The orc wizard blinks!
The orc priest hits you with a flail.
* * * LOW HITPOINT WARNING * * *
The orc hits you with a flail.
* * * LOW HITPOINT WARNING * * *
You take 1 damage, and have 1/45 hp.
Unknown command.
Unknown command.
Okay, then.
The flow of time bends around you.
Cheibriados rebukes the orc.
The orc seems to slow down.
Cheibriados rebukes the orc priest.
The orc priest seems to slow down.
You feel slightly more hungry. The orc priest hits you with a flail.
You die...

... ... #.. ...
#.. .. #.#..
##.#o## ..o .#
#o#..#
.#.####@#..#
.......o...##
##.####.#......
#.#..####
#.#..#######
#.#....⌠.⌠.#
#.#..##.∩..#
#..#.##⌠.⌠(#
#.......##!#


You could see an orc priest, an orc wizard and 2 orcs.

Vanquished Creatures
  A bullfrog (D:3)
  A howler monkey (D:4)
  7 adders
  An ooze (D:3)
  3 worms (D:2)
  3 dart slugs
  A leopard gecko (D:3)
  6 orcs (D:3)
  A ball python (D:3)
  12 bats
  5 giant cockroaches
  2 hobgoblins
  3 jackals (D:4)
  A quokka (D:2)
  4 frilled lizards
  12 goblins
  9 kobolds
  A leopard gecko skeleton (D:4)
  6 rats
79 creatures vanquished.

Notes
Turn   | Place    | Note
-------+----------+-------------------------------------------
     0 | D:1      | Monsterracer the Draconian Assassin began the quest for the Orb.
     0 | D:1      | Reached XP level 1. HP: 17/17 MP: 1/1
   455 | D:1      | Reached XP level 2. HP: 25/25 MP: 2/2
   701 | D:2      | Reached skill level 3 in Short Blades
   911 | D:2      | Reached XP level 3. HP: 27/30 MP: 3/3
  1206 | D:2      | Found a snail-covered altar of Cheibriados.
  1213 | D:2      | Reached skill level 4 in Short Blades
  1344 | D:2      | Became a worshipper of Cheibriados the Contemplative
  1388 | D:2      | Reached XP level 4. HP: 37/37 MP: 4/4
  1766 | D:2      | Found a glowing silver altar of Zin.
  1972 | D:3      | Found an iron altar of Okawaru.
  2172 | D:3      | Reached * piety under Cheibriados
  2245 | D:3      | Noticed a bullfrog
  2259 | D:3      | Killed a bullfrog
  2259 | D:3      | Reached XP level 5. HP: 25/45 MP: 5/5
  2934 | D:4      | Found Imatogie's Food Shop.
  3058 | D:4      | Reached skill level 5 in Short Blades
  3079 | D:4      | HP: 17/45 [orc priest/flail (8)]
  3080 | D:4      | HP: 6/45 [orc priest/flail (11)]
  3081 | D:4      | HP: 2/45 [orc/flail (4)]
  3083 | D:4      | Slain by an orc priest

Skill      XL: |  1  2  3  4  5 |
---------------+----------------+-----
Short Blades   | 3 4 5 |  5.0
Throwing       | 2 |  2.5
Fighting       | 3 |  3.3
Stealth        | 4 |  4.0
Dodging        | |  0.8
Invocations    | |  0.8

Action                   |  1- 3 |  4- 6 || total
-------------------------+-------+-------++-------
Melee: Dagger            |   101 |   130 ||   231
       Tailslap          |     9 |    13 ||    22
 Fire: Blowgun           |     5 |       ||     5
Invok: Bend Time         |       |     1 ||     1
  Use: Scroll            |       |    10 ||    10
       Potion            |       |     1 ||     1
 Stab: Sleeping          |     5 |    10 ||    15
  Eat: Chunk             |     1 |     5 ||     6
Armor: Skin              |    38 |    30 ||    68
Dodge: Dodged            |    37 |    72 ||   109

Vault maps used:
D:1:      sevenhm_arrival_forest_fort_large_4
D:2:      kennysheep_slug_shrine, lemuel_coloured_pillars_altar, first_ration
D:3:      okawaru_gym_becter
D:4:      nicolae_overflow_hidden_temple, serial_shops, shop_fountains,
          portal_sewer_entry_d, uniq_pikel
